groovejumper, neutral female human Wizard ------ ---------######|....| ------------- |.......|# |..^.| |...........| ------- |.......-#####%.....| |...........| |<.....# ---.-----# ---|-- |...........| |....)|###################### ## |............# |.....| # # # # |...........|# |......# ### ### # ### -----|-------# |...[.|# # # # --|------- # # -.-.---# ### ### # |........| ### # # # h # # #######|........| # # ##### @## ### # |........| % # # # # # ##|........| # # )# ### # ---------- # # -|---- # ----|------ ---------(-- ### |....| ##..........| |..........| # |..^.| |.........| |)))).)))))| ##-....| |.>.......| ------------ ----.- ----------- # groovejumper the Conjurer Experience level: 5 Strength: 10 Dexterity: 15 Constitution: 18 Intelligence: 18 Wisdom: 8 Charisma: 7 Health: 0(42) Energy: 11(42) AC: 9 Gold: 1575 Moves: 2622 Your Inventory: Coins $ - 1575 gold pieces Weapons a - a blessed +1 quarterstaff (weapon in hands) o - 12 cursed [+0] darts Armor b - an uncursed +0 cloak of magic resistance (being worn) N - an [uncursed +0] pair of mud boots [elven] Comestibles t - 2 uncursed tripe rations w - an [uncursed] food ration C - 2 [uncursed] melons H - a [cursed] food ration L - 2 [cursed] lichen corpses Scrolls j - 2 uncursed scrolls of create monster q - a blessed scroll labeled PRATYAVAYAH [of magic mapping] r - an uncursed scroll labeled VELOX NEB [of identify] A - 2 [uncursed] scrolls labeled ANDOVA BEGARIN [of enchant armor] B - 2 [uncursed] unlabeled scrolls [of blank paper] D - an [uncursed] scroll labeled KIRJE [of scare monster] F - a [cursed] scroll labeled VELOX NEB [of identify] G - a [cursed] scroll labeled ANDOVA BEGARIN [of enchant armor] I - a [cursed] scroll labeled ABRA KA DABRA [of food detection] J - a [cursed] scroll labeled YUM YUM [of teleportation] Spellbooks k - a blessed spellbook of force bolt l - an uncursed spellbook of magic missile E - an [uncursed] spellbook of knock Potions g - 3 uncursed clear potions [of water] h - an uncursed potion of gain energy x - an [uncursed] magenta potion [of healing] Rings d - an uncursed ring of free action e - an uncursed ring of regeneration Wands c - an uncursed wand of magic missile (0:7) Tools m - an uncursed magic marker (0:54) n - an uncursed blindfold s - an uncursed [+0] pick-axe u - an [uncursed +0] unicorn horn Spells known in the end: Name Level Category Fail Memory a - force bolt 1 attack 0% [|||||||.] b - magic missile 2 attack 0% [|||||||.] c - knock 1 matter 0% [||||||||] Your skills at the end: Fighting Skills Weapon Skills quarterstaff [Basic / Expert] Spellcasting Skills attack spells [Basic / Expert] enchantment spells [Basic / Skilled] Final Attributes: You were aligned. Hunger level was 371. Your alignment was 3 / 23. Monster difficulty range was 1 - 5. Level difficulty was 6. You resisted cold. You resisted poison. You were magic-protected. You were unlucky (-1). You are dead. Vanquished creatures: a ghost 2 leprechauns a blue jelly a black unicorn a dust vortex 3 human zombies a Woodland-elf a fire ant a rock piercer a gnome lord 2 gray oozes 2 straw golems a paper golem a giant ant a floating eye a kitten a homunculus a kobold shaman a wererat a werejackal a cave spider a yellow mold 3 garter snakes a gecko 5 jackals a fox 2 kobolds a goblin a sewer rat 7 grid bugs 3 lichens 4 newts 55 creatures vanquished. Voluntary challenges: You used a wielded weapon 70 times. You read items or engraved 3 times. You put on armor 3 times. You never genocided any monsters. You never polymorphed an object. You never changed form. You used no wishes. You never wrote Elbereth's name. You encountered 1 bones level. You never used any Sokoban shortcuts. Dungeon overview: The Dungeons of Doom: levels 1 to 6 Level 1 a fountain a long staircase Level 2 a fountain Level 3 some fountains Level 4 an altar, a fountain stairs to The Gnomish Mines Level 5 a fountain Level 6 <- You were here a weapon shop The Gnomish Mines: Level 5 stairs to The Dungeons of Doom History has recorded: On T:1 you entered the Dungeons of Doom to retrieve the Amulet of Yendor! On T:550 you reached level 2 of The Dungeons of Doom. On T:573 you advanced to experience level 2. On T:911 you reached level 3 of The Dungeons of Doom. On T:929 you advanced to experience level 3. On T:1263 you reached level 4 of The Dungeons of Doom. On T:1266 you advanced to experience level 4. On T:1290 you reached level 1 of The Gnomish Mines. On T:1538 you advanced to experience level 5. On T:1670 you reached level 5 of The Dungeons of Doom. On T:1881 you advanced to experience level 6. On T:2118 you reached level 6 of The Dungeons of Doom. On T:2396 you advanced to experience level 7. Latest messages: [HP+1=23] [HP+1=24] [HP+1=25] [HP+1=26] [HP+1=27] [HP+1=28] The grid bug bites! (2x) You kill the grid bug! [HP+1=29] [HP+1=30] [HP+1=31] The bugbear wields a thirsty thonged club! You hit the bugbear! The bugbear swings his thirsty thonged club. The thirsty thonged club drains your life! Goodbye level 7. [HP-17=14] You write "Elbereth" with your fingers into the dust. The bugbear swings his thirsty thonged club. The thirsty thonged club drains your life! Goodbye level 6. You die... Final status: Goodbye groovejumper the Wizard... You died in The Dungeons of Doom on dungeon level 6 with 4944 points, and 1575 pieces of gold, after 2622 moves. You were level 5 with a maximum of 42 hit points when you died.